 Dungeon Crawl Stone Soup version 0.23.0-28-g6fe0f4dc8b (webtiles) character file.

Game seed: 14048056058488694491

278 Bapho the Magician (level 6, -1/32 HPs)
             Began as a Deep Elf Wizard on Feb 26, 2019.
             Was an Initiate of Vehumet.
             Killed from afar by an orc wizard (9 damage)
             ... with a puff of flame
             ... on level 4 of the Dungeon.
             The game lasted 00:08:51 (4204 turns).

Bapho the Magician (Deep Elf Wizard)                Turns: 4204, Time: 00:08:52

Health: -1/32      AC:  2    Str:  5    XL:     6   Next: 5%
Magic:  9/17       EV: 13    Int: 24    God:    Vehumet [......]
Gold:   223        SH:  0    Dex: 13    Spells: 1/17 levels left

rFire    . . .     SeeInvis .   q - +1 whip (elec)
rCold    . . .     Gourm    .   (no shield)
rNeg     . . .     Faith    .   a - +0 robe
rPois    .         Spirit   .   n - +0 hat
rElec    .         Reflect  .   (no cloak)
rCorr    .         Harm     .   (no gloves)
MR       .....                  (no boots)
Stlth    ++........             (no amulet)
HPRegen  0.10/turn              (no ring)
MPRegen  0.15/turn              (no ring)

@: no status effects
A: no striking features
a: Renounce Religion


You were on level 4 of the Dungeon.
You worshipped Vehumet.
Vehumet was noncommittal.
You were not hungry.

You visited 1 branch of the dungeon, and saw 4 of its levels.

You collected 223 gold pieces.

Inventory:

Hand Weapons
 g - a +0 dagger
 k - a +2 dagger of protection
 q - a +1 whip of electrocution (weapon)
Armour
 a - a +0 robe (worn)
 b - a +0 hat
 n - a +0 hat (worn)
Scrolls
 e - a scroll of teleportation
 i - 4 scrolls of noise
 l - a scroll of magic mapping
 p - a scroll of fog {unknown}
 s - 2 scrolls of fear
 t - a scroll of remove curse {unknown}
 y - a scroll of amnesia {unknown}
Potions
 c - a potion of magic
 f - a potion of curing {unknown}
 h - 2 potions of brilliance
 j - 2 potions of agility {unknown}
 o - 2 potions of haste
 r - 2 potions of resistance {unknown}
 u - 2 potions of cancellation {unknown}
 v - a potion of might {unknown}
 w - a potion of invisibility {unknown}
Comestibles
 d - 7 rations


   Skills:
 + Level 0.0 Fighting
 + Level 2.4 Dodging
 - Level 2.4 Stealth
 - Level 6.3 Spellcasting
 - Level 5.5 Conjurations
 - Level 1.1 Summonings
 - Level 1.1 Translocations


You had one spell level left.
You knew the following spells:

 Your Spells              Type           Power        Failure   Level  Hunger
a - Magic Dart            Conj           ####         1%          1    None
b - Blink                 Tloc           N/A          8%          2    None
c - Call Imp              Summ           ##......     8%          2    None
d - Slow                  Hex            #.......     12%         2    None
e - Conjure Flame         Conj/Fire      ###.....     8%          3    None
f - Mephitic Cloud        Conj/Pois/Air  ###.....     11%         3    None
g - Dazzling Spray        Conj/Hex       ###...       8%          3    None

Your spell library contained the following spells:

 Spells                   Type           Power        Failure   Level  Hunger
 Searing Ray              Conj           ####..       1%          2    None
 Iskenderun's Mystic Bla  Conj           ####....     8%          4    ###....
 Force Lance              Conj/Tloc      ###.....     21%         4    ###....
 Fulminant Prism          Conj/Hex       ###.......   24%         4    ###....


Dungeon Overview and Level Annotations

Branches:
Dungeon (4/15)             Temple (0/1) D:4

Altars:
Fedhas
Nemelex Xobeh
Vehumet
Wu Jian

Shops:
D:4 *


Message History

The orc hits your crimson imp but does no damage.
Your crimson imp misses the orc.
The orc hits you but does no damage. Something hits you.
The orc closely misses you. The orc barely misses your crimson imp.
Your crimson imp hits the orc.
Something hits you. The orc misses you. The orc misses you.
The orc hits your crimson imp but does no damage.
Your crimson imp barely misses the orc.
Your crimson imp blinks!
Something hits you.
* * * LOW HITPOINT WARNING * * *
Are you sure you want to stumble around while confused and next to your crimson imp?
Okay, then.
You feel less confused. The orc hits you but does no damage.
The orc closely misses you. The orc barely misses your crimson imp.
Your crimson imp hits the orc.
You hear some strange, mumbled words.
A puff of flame appears from out of thin air!
The puff of flame hits you!
You die...

,* #....# ##.** ,* #....###
#..* ,* #).)...### #.#* ,*
#....#...###.# ,*
#(...###.(##.# ,* ######
*#...5#####**#* ,*
####...>#o..#...** ,*
#.(..##ยง5o......,** **
#.#####.@{......,,* * ##.#
#...o.......,,* *#######..#
#.#(........,,*
*#....<..##*#.##....?5..,**
#.......#**.,*##...#...**
#...........** *####*##*
#.......####* #.......#
#.......#


You could see 3 orcs and 3 friendly crimson imps.

Vanquished Creatures
  A phantom (D:4)
  A hound (D:3)
  A centaur skeleton (D:4)
  4 adders
  2 oozes
  2 adder skeletons
  A worm (D:3)
  3 dart slugs (D:1)
  3 leopard geckos
  A ball python (D:2)
  7 bats
  6 giant cockroaches
  6 goblins
  3 hobgoblins
  5 quokkas
  3 frilled lizards
  7 kobolds
  7 rats
63 creatures vanquished.

Vanquished Creatures (collateral kills)
  A hound (D:4)
  An orc (D:4)
2 creatures vanquished.

Grand Total: 65 creatures vanquished

Notes
Turn   | Place    | Note
-------+----------+-------------------------------------------
     0 | D:1      | Bapho the Deep Elf Wizard began the quest for the Orb.
     0 | D:1      | Reached XP level 1. HP: 10/10 MP: 7/7
   448 | D:1      | Reached XP level 2. HP: 15/15 MP: 7/9
  1134 | D:1      | Learned a level 2 spell: Blink
  1137 | D:1      | Learned a level 2 spell: Call Imp
  1140 | D:1      | Learned a level 2 spell: Slow
  1320 | D:2      | Reached XP level 3. HP: 19/19 MP: 6/11
  1498 | D:2      | Learned a level 3 spell: Conjure Flame
  1526 | D:2      | Reached skill level 5 in Spellcasting
  2351 | D:3      | Found a sparkling altar of Nemelex Xobeh.
  2381 | D:3      | Found an ornate altar of the Wu Jian Council.
  2396 | D:3      | Reached XP level 4. HP: 19/24 MP: 10/13
  2401 | D:3      | Learned a level 3 spell: Mephitic Cloud
  2493 | D:3      | Found a blossoming altar of Fedhas.
  2528 | D:3      | Found a radiant altar of Vehumet.
  2534 | D:3      | Became a worshipper of Vehumet
  2850 | D:4      | Reached XP level 5. HP: 28/28 MP: 9/15
  2861 | D:4      | Noticed a phantom
  3117 | D:4      | HP: 1/28 [phantom (6)]
  3442 | D:4      | HP: 1/28 [phantom (7)]
  3443 | D:4      | Killed a phantom
  3443 | D:4      | Reached skill level 6 in Spellcasting
  3443 | D:4      | Reached skill level 5 in Conjurations
  3774 | D:4      | Learned a level 3 spell: Dazzling Spray
  3893 | D:4      | Found Tuwep's Assorted Antiques.
  3917 | D:4      | Reached XP level 6. HP: 14/32 MP: 10/17
  4204 | D:4      | Killed from afar by an orc wizard

Skill      XL: |  1  2  3  4  5 |
---------------+----------------+-----
Conjurations   | 2 3 4 5 |  5.5
Spellcasting   | 5 6 |  6.3
Dodging        | |  2.4
Stealth        | |  2.4
Summonings     | |  1.1
Translocations | |  1.1

Action                   |  1- 3 |  4- 6 || total
-------------------------+-------+-------++-------
Melee: Dagger            |    17 |       ||    17
       Whip              |     2 |    18 ||    20
 Cast: Magic Dart        |    72 |    58 ||   130
       Call Imp          |       |    12 ||    12
       Blink             |       |     1 ||     1
  Use: Scroll            |       |     7 ||     7
 Stab: Sleeping          |     1 |     1 ||     2
  Eat: Chunk             |     4 |     2 ||     6
       Ration            |       |     1 ||     1
Armor: Robe              |     6 |     6 ||    12
Dodge: Dodged            |    13 |    28 ||    41
